Cogmind - Beta 15 @@@ ROGUE MODE // 2025.05.15 @ 00:08:01 Player: Eddie Result: Destroyed by S-10 Pest with Light Assault Rifle Performance ------------- Evolutions (0) 0 Regions Visited (2) 400 Robots Destroyed (14) 70 Value Destroyed (345) 345 Prototype IDs (0) 0 Alien Tech Used (0) 0 Bonus (7) 7 TOTAL SCORE: 822 Bonus ------- Follower Combat Kills 7 Cogmind --------- Core Integrity 0/250 Matter 292/300 Energy 125/125 System Corruption 0% Temperature Cool (0) Movement Treading (160) Location -10/Mines Parts ------- > --- POWER (1) -------- Light Ion Engine > --- PROPULSION (2) --- Light Treads Light Treads > --- UTILITY (2) ------ Small Storage Unit > --- WEAPON (2) ------- Assault Rifle Light Assault Rifle > --- INVENTORY (8) ---- Ion Engine Light Angular Momentum Engine Flight Unit Flight Unit High-capacity Storage Unit Tractor Beam Grenade Launcher Mining Laser Peak State ------------ > --- POWER ------------ Light Ion Engine > --- PROPULSION ------- Light Treads Light Treads > --- UTILITY ---------- Small Storage Unit > --- WEAPON ----------- Assault Rifle Light Assault Rifle > --- INVENTORY -------- Ion Engine Light Angular Momentum Engine Flight Unit Flight Unit High-capacity Storage Unit Tractor Beam Light Assault Rifle Grenade Launcher [Rating: 7] Favorites ----------- Power Light Ion Engine Engine Light Ion Engine Propulsion Aluminum Leg Treads Light Treads Leg Aluminum Leg Flight Unit Flight Unit Utility Small Storage Unit Storage Small Storage Unit Weapon Assault Rifle Energy Gun EM Pulse Gun Ballistic Gun Assault Rifle Build | -11 -10 -10 ------- Run | Yrd Mat Min Slots Evolved . | . . . Power . | . . . Propulsion . | . . . Utility . | . . . Weapon . | . . . Parts Attached 18 | 6 12 . Power 4 | 1 3 . Engine 4 | 1 3 . Core . | . . . Reactor . | . . . Propulsion 6 | 2 4 . Treads 2 | . 2 . Leg 2 | 2 . . Wheel . | . . . Hover . | . . . Flight 2 | . 2 . Utility 1 | 1 . . Device . | . . . Storage 1 | 1 . . Processor . | . . . Hackware . | . . . Protection . | . . . Artifact . | . . . Weapon 7 | 2 5 . Energy Gun 2 | 1 1 . Energy Cannon . | . . . Ballistic Gun 5 | 1 4 . Ballistic Cannon . | . . . Launcher . | . . . Special Weapon . | . . . Impact Weapon . | . . . Slashing Weapon . | . . . Piercing Weapon . | . . . Special Melee Weapon . | . . . Unidentified Prototypes . | . . . Parts Lost 6 | 3 3 . Power 2 | 1 1 . Propulsion 2 | . 2 . Utility . | . . . Weapon 2 | 2 . . Highest Loss Streak 3 | 3 3 . To Critical Strikes . | . . . Average Backups 3 | 2 4 7 Power 1 | . . 1 Propulsion 1 | 1 1 2 Utility . | . 1 2 Weapon . | . 1 2 Tool/Special . | . . . Unused Backups 6 | . 1 5 Power 2 | . 1 1 Propulsion . | . . . Utility 2 | . . 2 Weapon 2 | . . 2 Tool/Special . | . . . Average Slot Usage (%) 80 | . 77 85 Engine 11 | . 9 14 Treads 17 | . 9 28 Leg 9 | . 16 . Storage 14 | . 14 14 Energy Gun 2 | . 4 . Ballistic Gun 24 | . 22 28 Peak Build Rating 7 | 6 6 7 Average Rating 5 | 5 5 6 On Entrance 3 | . 3 6 Naked Turns . | . . . Heaviest Build 13 | 12 13 11 Greatest Support 40 | 20 40 40 Greatest Overweight (x) 3 | . 3 . Average Overweight (x) . | . . . Largest Inventory Capacity 8 | 8 8 8 Average Capacity 7 | 7 8 8 Most Carried 8 | 3 8 8 Average Carried 3 | 2 4 7 Final Capacity 8 | 8 8 8 Final Carried 8 | 3 7 8 Class Distribution -------------------- 100% | Mutant Dominant Class ---------------- Mutant | -10/Materials Mutant | -10/Mines Resources | -11 -10 -10 ----------- Run | Yrd Mat Min Matter Collected 624 | 237 340 47 Remotely . | . . . Salvage Created 516 | . 487 29 Parts 26 | . 20 6 Haulers Intercepted . | . . . Recyclers Shooed . | . . . Parts Field Recycled . | . . . Retrieved Matter . | . . . Parts Self-Destructed . | . . . Prevented . | . . . Kills | -11 -10 -10 ------- Run | Yrd Mat Min Combat Hostiles Destroyed 12 | . 10 2 Guns 12 | . 10 2 Classes Destroyed 4 | . 4 . Worker 1 | . 1 . Recycler 1 | . 1 . Swarmer 4 | . 2 2 Grunt 8 | . 8 . Best Kill Streak 3 | . 3 2 Combat Bots Only 2 | . 2 2 Max Kills in Single Turn 1 | . 1 1 Gunslinging . | . . . Exploded . | . . . Melee . | . . . Uniques/NPCs Destroyed . | . . . Combat | -11 -10 -10 -------- Run | Yrd Mat Min Hostile Shots Fired 104 | 6 89 9 Missed 25 | . 23 2 Hits 79 | 6 66 7 Projectile 79 | 6 66 7 AOE 6 | 6 . . Damage Taken 1119 | 271 795 53 Core 257 | 18 224 15 Absorbed by Shields . | . . . Core Remaining (%) 92 | 92 . . Volleys Fired 68 | . 62 6 Largest 2 | . 2 2 Hottest 60 | . 60 40 Shots Fired 136 | . 124 12 Gun 136 | . 124 12 Cannon . | . . . Launcher . | . . . Special . | . . . Kinetic 123 | . 111 12 Thermal 13 | . 13 . Explosive . | . . . Electromagnetic . | . . . Robot Hit Streak 9 | . 9 3 Robot Miss Streak 4 | . 4 3 Penetration Max . | . . . Secondary Targets 1 | . 1 . Max Gunslinging Chain 1 | . 1 . Shots Hit Robots 85 | . 80 5 Core Hits 29 | . 25 4 Critical Kills . | . . . Critical Parts Destroyed 1 | . 1 . Critical Strikes 1 | . 1 . Destroy 1 | . 1 . Melee Attacks . | . . . Impact . | . . . Slashing . | . . . Piercing . | . . . Sneak Attacks . | . . . Combat Hostiles . | . . . Follow-up Attacks . | . . . Damage Inflicted 894 | . 833 61 Guns 894 | . 833 61 Cannons . | . . . Explosions . | . . . Melee . | . . . Ramming . | . . . Kinetic 810 | . 749 61 Thermal 84 | . 84 . Explosive . | . . . Electromagnetic . | . . . Impact . | . . . Slashing . | . . . Piercing . | . . . Highest Corruption . | . . . Average Corruption . | . . . Corruption Purged . | . . . Corruption Blocked . | . . . Overload Shots . | . . . Overflow Damage . | . . . Projectiles . | . . . Explosions . | . . . Melee . | . . . Knockbacks . | . . . Impact . | . . . Kinetic . | . . . Secondary . | . . . Self-Inflicted Damage . | . . . Shots . | . . . Rammed . | . . . Targets Rammed . | . . . Kicked . | . . . Crushed . | . . . Highest Temperature 64 | . 64 . Average Temperature 14 | . 14 . Received Heat Transfer 441 | . 441 . Siege Activations . | . . . Martial Activations . | . . . Shielding Activations . | . . . Robots Disrupted . | . . . Combat Hostiles . | . . . Robots Corrupted . | . . . Combat Hostiles . | . . . Parts Fried . | . . . Impact Corruptions . | . . . Robots Melted . | . . . Combat Hostiles . | . . . Parts Melted 1 | . 1 . Heat Transferred 200 | . 200 . Parts Sabotaged . | . . . Parts Stolen . | . . . Parts Stripped . | . . . Power Chain Reactions . | . . . Alert | -11 -10 -10 ------- Run | Yrd Mat Min Maximum Alert Level . | . . . Low Security (%) 100 | 100 100 100 Level 1 . | . . . Level 2 . | . . . Level 3 . | . . . Level 4 . | . . . Level 5 . | . . . High Security . | . . . Max Security . | . . . Peak Influence 90 | . 90 50 Initial 19 | . . 19 Average 3 | . 25 4 Influence Increases 337 | . 255 82 Destroy 0b10 Robot/C 260 | . 200 60 Destroy 0b10 Robot/NC 10 | . 10 . Destroy Leader 60 | . 40 20 Allied During Kill 2 | . . 2 Successful Hack 5 | . 5 . Influence Decreases 305 | . 205 100 Entered New Map 31 | . . 31 Time Decay 264 | . 195 69 Lost Part 10 | . 10 . Squads Dispatched 3 | . 3 . Investigation . | . . . Extermination . | . . . Reinforcement 3 | . 3 . Assault . | . . . Garrison . | . . . Intercept . | . . . Searches Triggered . | . . . Construction Impeded . | . . . Haulers Reinforced . | . . . Active Scanning Responses . | . . . Cargo Convoy Interrupts . | . . . Stealth | -11 -10 -10 --------- Run | Yrd Mat Min Distress Signals 4 | . 4 . Communications Jammed . | . . . Distress Signals . | . . . Times Spotted 25 | 2 18 5 Peak Tracking Total 4 | 2 4 3 Tactical Retreats . | . . . Traps | -11 -10 -10 ------- Run | Yrd Mat Min Traps Triggered . | . . . Indirectly . | . . . Trap Hack Attempts . | . . . Triggered . | . . . Disarmed . | . . . Reprogrammed . | . . . Reused . | . . . Traps Extracted . | . . . Installed . | . . . Triggered . | . . . Machines | -11 -10 -10 ---------- Run | Yrd Mat Min Machines Disabled . | . . . Max in Single Turn . | . . . Machines Repaired . | . . . Machines Dismantled . | . . . Machines Sabotaged . | . . . Overloaded Fab Kills . | . . . Hacking | -11 -10 -10 --------- Run | Yrd Mat Min Machines Accessed 2 | . 2 . Terminals 2 | . 2 . Fabricators . | . . . Repair Stations . | . . . Recycling Units . | . . . Scanalyzers . | . . . Garrison Access . | . . . Total Hacks 4 | . 4 . Successful 3 | . 3 . Failed 1 | . 1 . Catastrophic . | . . . Database Lockouts . | . . . Manual 1 | . 1 . Terminals 4 | . 4 . Fabricators . | . . . Repair Stations . | . . . Recycling Units . | . . . Scanalyzers . | . . . Garrison Access . | . . . Terminal Hacks 2 | . 2 . Locate Traps 1 | . 1 . Hauler Manifests 1 | . 1 . Fabricator Hacks . | . . . Repair Station Hacks . | . . . Recycling Unit Hacks . | . . . Scanalyzer . | . . . Garrison Access Hacks . | . . . Unauthorized Hacks 1 | . 1 . Terminals 1 | . 1 . Botnet 1 | . 1 . Fabricators . | . . . Repair Stations . | . . . Recycling Units . | . . . Scanalyzers . | . . . Garrison Access . | . . . Data Cores Recovered . | . . . Used . | . . . Hacking Detections 2 | . 2 . Full Trace Events . | . . . Feedback Events . | . . . Feedback Blocked . | . . . Robot Schematics Acquired . | . . . Robots Built . | . . . Authchips . | . . . Time . | . . . Total Robot Build Rating . | . . . Part Schematics Acquired . | . . . Parts Built . | . . . Authchips . | . . . Time . | . . . Total Part Build Rating . | . . . Parts Repaired . | . . . Time . | . . . Parts Recycled . | . . . Recycled Matter . | . . . Retrieved Matter . | . . . Retrieved Components . | . . . Parts Scanalyzed . | . . . Part Schematics Acquired . | . . . Parts Damaged . | . . . Bothacking | -11 -10 -10 ------------ Run | Yrd Mat Min Used RIF Installer . | . . . Robots Hacked . | . . . Non-combat . | . . . Combat . | . . . Robot Hacks Applied . | . . . Relay Couplers Released . | . . . Fabnet Peak Effective % . | . . . Robots Rewired . | . . . Allies Hacked . | . . . Hacks Repelled . | . . . Allies | -11 -10 -10 -------- Run | Yrd Mat Min Total Allies 1 | . . 1 Largest Group 1 | . . 1 Highest-Rated Group 31 | . . 31 Highest-Rated Ally 31 | . . 31 Total Orders . | . . . Ally Attacks 4 | . . 4 Total Damage 41 | . . 41 Kills 1 | . . 1 Allies Corrupted . | . . . Allies Melted . | . . . Intel | -11 -10 -10 ------- Run | Yrd Mat Min Active Infowar (turns) . | . . . Robot Analysis Total . | . . . Derelict Logs Recovered 2 | . . 2 Drone Launches . | . . . Drone Recoveries . | . . . Exploration | -11 -10 -10 ------------- Run | Yrd Mat Min Turns Passed 6339 | 5011 723 605 Spaces Moved 2294 | 1618 334 342 Core 24 | 16 8 . Treads 428 | . 86 342 Legs 1836 | 1602 234 . Wheels . | . . . Hover . | . . . Flight 6 | . 6 . Fastest Speed 37 | 50 37 160 Average Speed 127 | 119 130 160 Slowest Speed 200 | 120 200 160 Overloaded Moves . | . . . Propulsion Burnouts . | . . . Robots Hopped . | . . . Potential Cave-ins . | . . . Cave-ins Triggered . | . . . Exploration Rate (%) 75 | 102 61 62 Regions Visited 2 Branch Regions 1 Pre-discovered Areas . | . . . Known Exits Taken . | . . . Unknown Exits Taken 2 | 1 1 . Scrap Searched . | . . . Spaces Dug . | . . . Terrain Destroyed . | . . . Melee . | . . . Projectile . | . . . AOE . | . . . Terrain Rammed . | . . . Walls Destroyed . | . . . Machines Disabled . | . . . Actions | -11 -10 -10 --------- Run | Yrd Mat Min Total 5597 | 4696 510 391 Wait 3186 | 3068 78 40 Move 2292 | 1617 333 342 Hop . | . . . Pick Up 16 | 5 9 2 Fast Attach 9 | 4 5 . Attach 7 | 2 5 . Detach 1 | . 1 . Swap 9 | . 9 . Drop 9 | . 8 1 Fire 68 | . 62 6 Melee . | . . . Ram . | . . . Kick . | . . . Crush . | . . . Escape Stasis . | . . . Rewire . | . . . Trap . | . . . Miscellaneous . | . . . Route ------- -11/Scrapyard -10/Materials (discovered 3 exits: [*Mat x2] / [*Min]) -10/Mines (discovered 2 exits: [*Mat] / Sub) History --------- Turn | Location | Event 6 | -11/Scrapyard | Discovered new exit (range 15) 5006 | -11/Scrapyard | Assembled infested the area 5012 | -11/Scrapyard | Entered Materials 5013 | -10/Materials | Build established: Mutant 5042 | -10/Materials | Lost 3 parts (1p2w) 5477 | -10/Materials | Lost 3 parts (1p2n) 5481 | -10/Materials | Core integrity fell below 50% 5532 | -10/Materials | Discovered new exit (range 10) 5614 | -10/Materials | Core integrity fell below 20% 5692 | -10/Materials | Discovered new exit (range 9) 5693 | -10/Materials | Discovered new exit (range 12) 5735 | -10/Materials | Entered Mines 5739 | -10/Mines | Met a Derelict bent on vengeance 5767 | -10/Mines | Learned Materials emergency access door positions 6101 | -10/Mines | Identified exit to Subcaves 6197 | -10/Mines | Discovered new exit (range 5) 6200 | -10/Mines | Received a Mining Laser from a helpful Derelict 6340 | -10/Mines | Destroyed by S-10 Pest with Light Assault Rifle Last Messages --------------- 05880_ K-01 Serf collects debris. 05882_ Acquired 37 matter. 05884_ K-01 Serf collects debris. 05958_ K-01 Serf cleans the Laser Drill. 05974_ K-01 Serf cleans the Plasma Injector. 06101_ Acquired derelict log, extracted data. Loading 1 Mines exit... 06102_ A derelict is hurriedly installing traps. 06197_ EXIT=FOUND 06198_ A derelict emerges from the shadows: "What are you doing alone down here?" 06200_ 3F-7XX(g): "And why aren't you carrying a mining laser?! Certainly you don't want THEM to uncover you when the ceiling comes crashing down? Here, take my spare." 06203_ 3F-7XX(g): "You're apparently new around these parts, I'll cover you." 06205_ Dropped Lgt. Assault Rifle. 06209_ Acquired Mining Laser. 06210_ 3F-7XX(g): "Mining lasers are a lot more useful than you might think..." Map ----- +----------------------------------------------------+ | ??????????????# #?????????????### ## | | ??????????????#### #?????????????# # | | ?????????????????# #?????????????# #### ## | | ?????????????????# #?????????????# ##??## ^ | | ?????????????????# ###???????????###????# # | | ?????????????????# #??????????????????# # ^ | | ?????????????????### #??????????????????# # | | ???????????????????# #??????????????????## ^ ## | | ???????????????????# #####???????????????### | | ???????????????????# #?????????????????## | | ???????????????????##### #??????????????????## ## | | ???????????????????????# #???????????????????# ## | | ???????????????????????# #??????????????????## | | ???????????????????????# #??????????????????# ## | | ???????????????????????# #??????????????????# ###? | | ???????????????????????# #??????????????????# #??? | | ???????????????????????# #################### #??? | | ???????????????????????# % = #??? | | ???????????????????????####### #### ##########??? | | ????????????????????????????## #??# #???????????? | | ???????????????????????????## #??#%#???????????? | | ???????????????????????????# ##?# #??###??????? | | ???????????????????????????# #?#%#??# ??????? | | ??????????????????????????## #?# #??# #??????? | | ????????????????????????###t #?# #??# #??????? | | ????????????????????????#@ ##?# #??# #####??? | | ???????????????????????# g ##??# #### ## ##?? | | ???????????????????? s """ ##???# ##? | | ????????????????? s """ ##????######## ## | | ?????????????? * """ #????????????# # | | ?????????????? ## ????????????# # | | ?????????????? #?## ???????????# # | | ????????????? ???# #??????????## | | ?????????????? ????## ##???????????## | | ?????????????### ??????#######?????????????### # | | ???????????????##?????????????????????????????# # | | ??????????????????????????????????????????????# # | | ??????????????????????????????????????????????# # | | ??????????????????????????????????????????????# # | | ??????????????????????????????????????????????# | | ??????????????????????????????????????????????#### | | ?????????????????????????????????????????????????? | | ?????????????????????????????????????????????????? | | ?????????????????????????????????????????????????? | | | | | | | | | | | | | +----------------------------------------------------+ Best States ------------- Heat Dissipation 25 Energy Generation 10 Energy Capacity 250 Matter Stores 300 Matter Capacity 300 Sight Range 16 Terrain Scan Density 10 Evasion (%) 55 Recoil Reduction 2 Item Schematics ----------------- None Robot Schematics ------------------ None Fabricated ------------ Nothing Repaired ---------- Nothing Alien Tech Used ----------------- None Achievements -------------- Curiosity Killed The Cat Challenges ------------ None Game ------ Seed SwarmScrapModule Manual? 0 Play Time 00:20:39 Cumulative 36.4 hours Start 2025.05.14 @ 21:55:52 End 2025.05.15 @ 00:08:01 Sessions 1 Manual Loads 0 Difficulty Rogue Special Mode None Game No. 53 Rogue 53 Adventurer 0 Explorer 0 Win Type - Total 0 Types 0/0/0/0/0/0/0/0/0/0 Lore% 13 Gallery% 28 Achievement% 28 Wizard Run 0 Options --------- Layout 0 ASCII 0 Keyboard 0 Movement Mouse Keybinds 0 Fullscreen 1 Font 18/SmallcapsGlow Map View 76x50 Zoom Use 0% Tactical HUD 1 Map Filters NONE Filters NONE Steam 1 RUN: 22e97369-2efd-409e-a362-8552897af2ae